 Dungeon Crawl Stone Soup version 0.32-a0-871-ge202e49faa (webtiles) character file.

Game seed: 13404563970533797659

17664 DEFE the Cleaver (level 12, -2/81 HPs)
             Began as a Coglin Fighter on Mar 29, 2024.
             Was a High Priest of Okawaru.
             Succumbed to a death drake's dark miasma
             ... in a Gauntlet.
             The game lasted 00:08:56 (11264 turns).

DEFE the Cleaver (Coglin Fighter)                  Turns: 11264, Time: 00:08:57

Health: -2/81      AC: 19    Str: 20    XL:     12   Next: 50%
Magic:  17/17      EV:  7    Int:  8    God:    Okawaru [*****.]
Gold:   746        SH:  0    Dex: 21    Spells: 11/11 levels left

rFire   + . .        O - +9 mace of Resourcefulness {freeze, Fly Dex+6}
rCold   . . .        p - +16 obsidian axe {drain, demonic, Mesm ^Drain Fly SInv}
rNeg    . . .        g - +1 chain mail {rF+}
rPois   .            R - +2 helmet
rElec   .            J - scarf {+Inv}
rCorr   .            e - +2 pair of gloves
SInv    +            j - +0 pair of boots
Will    .....        (amulet unavailable) Stlth
                     (ring unavailable)
HPRegen 0.33/turn    (ring unavailable)
MPRegen 0.15/turn    (no gizmo)

%: no teleportation
@: lethally poisoned (-2 -> -54), flying, mesmerised, slowed, revved, very slow
A: off-hand wielding, slow wielding, warmup strikes, no jewellery
a: Invent Gizmo, Renounce Religion, Evoke Invisibility, Heroism, Finesse, Duel


You were in a Gauntlet.
You worshipped Okawaru.
Okawaru was extremely pleased with you.
You visited 3 branches of the dungeon, and saw 14 of its levels.
You also visited: Sewer and Gauntlet.

You collected 823 gold pieces.
You spent 77 gold pieces at shops.

Inventory:

Hand Weapons
 a - a +1 war axe {Jihoo}
 n - a +2 dagger of venom {Mbali}
 p - the +16 obsidian axe (offhand) {drain, demonic, Mesm ^Drain Fly SInv}
   (You acquired it on level 4 of the Dungeon)

   Mesm:      Its wielder is mesmerised by any visible foes, and it cannot be
   unequipped while any foes are visible.
   SInv:      It lets you see invisible.
   Fly:       It grants you flight.
   ^Drain:    It drains your maximum health when unequipped.
 O - the +9 mace of Resourcefulness (weapon) {freeze, Fly Dex+6}
   (You took it off an orc on level 8 of the Dungeon)

   Dex+6:     It affects your dexterity (+6).
   Fly:       It grants you flight.
Missiles
 G - 2 throwing nets (quivered)
Armour
 b - a +0 scale mail
 c - a +0 buckler
 e - a +2 pair of gloves (worn)
 g - a +1 chain mail of fire resistance (worn)
 j - a +0 pair of boots (worn)
 k - a +2 hat
 u - a +0 troll leather armour {Pargi}
 J - a scarf of invisibility (worn)
 P - a +0 plate armour
 R - a +2 helmet (worn)
Wands
 v - a wand of mindburst (13)
 y - a wand of roots (19)
 A - a wand of digging (9)
 D - a wand of flame (19)
 K - a wand of quicksilver (27)
Scrolls
 h - 6 scrolls of amnesia
 o - 2 scrolls of fog
 q - 5 scrolls of teleportation
 t - a scroll of brand weapon
 x - 3 scrolls of immolation
 E - a scroll of torment
 I - a scroll of enchant weapon
 L - 2 scrolls of summoning
 Q - a scroll of fear
Potions
 d - 3 potions of might
 f - 3 potions of attraction
 i - a potion of invisibility
 l - 2 potions of lignification {unknown}
 m - 3 potions of haste
 s - 3 potions of brilliance {unknown}
 w - 4 potions of enlightenment {unknown}
 z - 3 potions of magic {unknown}
 C - 4 potions of heal wounds {unknown}
 F - 2 potions of berserk rage {unknown}
 H - a potion of mutation {unknown}
 M - 5 potions of curing
 N - 2 potions of cancellation {unknown}


   Skills:
 - Level 3.0 Fighting
 + Level 13.7 Axes
 + Level 7.4 Armour
 - Level 2.1 Shields
 - Level 7.1 Invocations
 - Level 12.6 Evocations


You had 11 spell levels left.
You didn't know any spells.
Your spell library contained the following spells:

 Spells                   Type           Power      Damage    Failure   Level
 Magic Dart               Conj           0%         1d3       95%         1
 Sting                    Conj/Alch      0%         1d3       95%         1
 Blink                    Tloc           0%         N/A       99%         2
 Lesser Beckoning         Tloc           0%         N/A       99%         2
 Mercury Vapours          Alch/Air       0%         N/A       99%         2
 Momentum Strike          Conj/Tloc      0%         3d8       99%         2
 Searing Ray              Conj           0%         2d4       99%         2
 Sublimation of Blood     Necr           0%         N/A       99%         2
 Stone Arrow              Conj/Erth      0%         3d7       100%        3
 Fulminant Prism          Conj/Alch      0%         3d5       100%        4
 Olgreb's Toxic Radiance  Alch           0%         N/A       100%        4
 Lehudib's Crystal Spear  Conj/Erth      0%         10d2      100%        8
 Call Imp                 Summ           Unusable   N/A       N/A         2
 Animate Armour           Summ/Erth      Unusable   N/A       N/A         4
 Summon Hydra             Summ           Unusable   N/A       N/A         7

Dungeon Overview and Level Annotations

Branches:
Dungeon (11/15)            Temple (1/1) D:4            Lair (2/5) D:9
    Orc (0/2) D:9           Sewer (visited)         Gauntlet (1/1)
  Swamp: Lair:2-3    Shoals: Lair:2-3     Snake: Lair:2-3    Spider: Lair:2-3

Altars:
Cheibriados
Dithmenos
Elyvilon
Fedhas
Gozag
Hepliaklqana
Kikubaaqudgha
Makhleb
Nemelex Xobeh
Okawaru
Qazlal
Ru
Sif Muna
Trog
Uskayaw
Vehumet
Wu Jian
Xom
Yredelemnul
The Shining One

Shops:
D:2 ?

Annotations:
D:4 2 runed translucent doors, zyxw121's ghost, weakling HuBe Gauntlet 11 transporters, 1 runed translucent door


Innate Abilities, Weirdness & Mutations

You can wield a second weapon in your off-hand.
It takes a long time for you to wield or remove held weapons.
Your first few attacks do less damage.
You cannot equip rings or amulets.


Message History

You completely miss the spectral centaur warrior with the +9 mace of Resourcefulness.
The spectral centaur warrior is severely damaged.
You slash the spectral centaur warrior with the +16 obsidian axe!
You are engulfed in dark miasma.
You are more poisoned.
You feel yourself slow down.
You feel extremely sick. The spectral centaur warrior hits you.
You feel drained.
The spectral centaur warrior barely misses you.
The death drake bites you.
You hit the spectral centaur warrior with the +9 mace of Resourcefulness.
You break out of your daze!
You destroy the spectral centaur warrior!
Okawaru accepts your kill.
You closely miss the death drake with the +16 obsidian axe.
Visions of slaying the death drake flood into your mind.
You feel extremely sick. The death drake bites you.
Your life force feels restored.
You are too injured to fight recklessly!
You are too injured to fight recklessly!
Unknown command.
You sock the death drake with the +9 mace of Resourcefulness!
You freeze the death drake.
The death drake is lightly wounded.
You closely miss the death drake with the +16 obsidian axe.
You feel very sick. The death drake barely misses you.
The death drake breathes miasma at you. The foul vapour engulfs you!
You are lethally poisoned!
* * * LOW HITPOINT WARNING * * *
You hit the death drake with the +16 obsidian axe.
The death drake is lightly wounded.
You sock the death drake with the +9 mace of Resourcefulness!
The death drake seems to slow down.
You freeze the death drake.
You are engulfed in dark miasma.
You are more poisoned.
* * * LOW HITPOINT WARNING * * *
You die...

#.#####!#..#..##≈##..#..#.#.###4#
#.y..=y.#..#.........#..#.....42#
#########..#.........#..#########
........#..###########..#........
#########..#...#.....#..#########
#.......#..#..#..##..#..###.....#
#..##..##..#..##°°#.=#..####.##[#
#.##..###..#..#°k##."#..#Y.^. #=#
###†©##§#©©#..##@°#Z©#©©#.#.©.#©#
##.†##..#..#..#°°##..#..#.##.^?Y#
#..##.).#..#..##°°#.[#..#.##.####
#.......#..#..#..##..#..#.....###
#########..#...#.....#..#########
........#..###########..#........
#########..#.........#..#########
##Z#Z#.##..#.........#..##.##.°##
#Z#Z#.#.#..#..##≈##..#..#.#..##.#


You could see a death drake (mesmerising, slow) and a centaur warrior zombie.

Vanquished Creatures
  Harold (Lair:2)
  A boulder beetle (D:11)
  A two-headed ogre (D:11)
  A death yak (D:9)
  Pikel (D:7)
  2 cyclopes (D:11)
  Maurice (D:8)
  An ugly thing (D:11)
  A spectral centaur (Gauntlet)
  5 cane toads
  Psyche (D:10)
  Prince Ribbit (D:5)
  3 trolls (D:10)
  4 hornets
  12 blink frogs
  Sigmund (D:2)
  A shadow (D:9)
  A wyvern (D:9)
  A fire bat (D:7)
  2 wraiths
  8 yaks (Lair:1)
  2 basilisks (Lair:1)
  Edmund (D:5)
  2 acid dragons
  7 water moccasins
  An ice beast (D:8)
  4 orc warriors
  Pargi (Sewer)
  2 black bears (D:9)
  2 sky beasts (D:7)
  An ogre (D:5)
  3 wolves (Lair:1)
  A centaur (D:11)
  4 lemures (D:7)
  2 kobold brigands
  A brain worm (Sewer)
  4 phantoms
  A gnoll sergeant (D:6)
  8 bullfrogs
  2 scorpions
  3 wights (D:9)
  A water moccasin skeleton (D:6)
  An electric eel (Lair:1)
  3 howler monkeys
  4 bombardier beetles
  3 centaur zombies (D:6)
  3 jellies
  5 orc priests
  5 hounds
  2 gnoll boudas
  A spectral boggart (Gauntlet)
  2 iguanas
  11 orc wizards
  Robin (D:3)
  10 gnolls
  8 adders
  2 white imps
  2 ufetubi (D:7)
  A dart slug (D:4)
  2 ribbon worms
  19 orcs
  14 bats
  7 endoplasms
  4 giant cockroaches
  12 goblins
  15 hobgoblins
  2 jackals (D:4)
  10 kobolds
  2 quokkas
  3 ball pythons
  2 frilled lizards
  9 rats
268 creatures vanquished.

Vanquished Creatures (collateral kills)
  A giant cockroach (D:4)
1 creature vanquished.

Grand Total: 269 creatures vanquished

Notes
Turn   | Place    | Note
-------+----------+-------------------------------------------
     0 | D:1      | DEFE the Coglin Fighter began the quest for the Orb.
     0 | D:1      | Reached XP level 1. HP: 18/18 MP: 1/1
    47 | D:1      | Reached XP level 2. HP: 18/24 MP: 2/2
   222 | D:1      | Reached skill level 3 in Axes
   602 | D:1      | Reached XP level 3. HP: 28/29 MP: 3/3
  1022 | D:2      | Noticed Sigmund
  1032 | D:2      | Killed Sigmund
  1033 | D:2      | Reached skill level 5 in Axes
  1033 | D:2      | Reached XP level 4. HP: 20/35 MP: 4/4
  1033 | D:2      | Reached XP level 5. HP: 24/41 MP: 5/5
  1290 | D:2      | Found Pimiluuj's Magic Scroll Emporium.
  1294 | D:2      | Bought a scroll of identify for 22 gold pieces
  1294 | D:2      | Bought a scroll of teleportation for 33 gold pieces
  1294 | D:2      | Bought a scroll of identify for 22 gold pieces
  1394 | D:2      | Reached skill level 6 in Axes
  1593 | D:3      | Reached XP level 6. HP: 47/47 MP: 6/6
  1994 | D:3      | Noticed Robin
  2004 | D:3      | Reached skill level 1 in Evocations
  2007 | D:3      | Killed Robin
  2373 | D:4      | Identified a scroll of acquirement
  2373 | D:4      | Acquired the +16 obsidian axe {drain, demonic, Mesm ^Drain
                  | Fly SInv}
  2373 | D:4      | Found the +16 obsidian axe {drain, demonic, Mesm ^Drain Fly
                  | SInv}
  2500 | D:4      | Found a glowing drain.
  2505 | D:4      | Reached XP level 7. HP: 52/52 MP: 7/7
  2513 | Sewer    | Entered a sewer
  2556 | Sewer    | Noticed Pargi
  2563 | Sewer    | Killed Pargi
  2564 | Sewer    | Reached skill level 7 in Axes
  2859 | D:4      | Found a staircase to the Ecumenical Temple.
  2867 | Temple   | Entered the Ecumenical Temple
  2873 | Temple   | Became a worshipper of Warmaster Okawaru
  3059 | D:4      | Found a snail-covered altar of Cheibriados.
  3197 | D:4      | Found a large runed translucent door.
  3197 | D:4      | Found a large runed translucent door.
  3199 | D:4      | Noticed zyxw121's ghost (weakling HuBe)
  3236 | D:5      | Entered Level 5 of the Dungeon
  3244 | D:5      | Noticed Prince Ribbit
  3249 | D:5      | Killed Prince Ribbit
  3250 | D:5      | Reached skill level 5 in Evocations
  3250 | D:5      | Reached XP level 8. HP: 58/58 MP: 8/8
  3461 | D:5      | Reached skill level 8 in Axes
  3679 | D:5      | Reached skill level 1 in Invocations
  3852 | D:5      | Reached * piety under Okawaru
  3876 | D:5      | Noticed Edmund
  3881 | D:5      | Killed Edmund
  4195 | D:6      | Identified the +1 falchion "Lifedow" {pain, rElec rPois}
  4455 | D:6      | Reached XP level 9. HP: 62/63 MP: 11/11
  4474 | D:6      | HP: 1/63 [orc warrior/+0 trident (15)]
  4476 | D:6      | Reached ** piety under Okawaru
  4480 | D:6      | Reached skill level 9 in Axes
  4932 | D:6      | Identified the +0 robe of Asceticism {Regen+}
  5596 | D:7      | Noticed Pikel
  5606 | D:7      | Killed Pikel
  5606 | D:7      | Reached *** piety under Okawaru
  5668 | D:7      | Found a shimmering altar of Xom.
  5674 | D:7      | Reached skill level 10 in Axes
  5674 | D:7      | Reached skill level 10 in Evocations
  5674 | D:7      | Reached XP level 10. HP: 68/70 MP: 13/13
  5843 | D:7      | Reached skill level 5 in Invocations
  6005 | D:7      | Found a burning altar of Makhleb.
  6277 | D:8      | Identified the +9 mace of Resourcefulness {freeze, Fly
                  | Dex+6}
  6304 | D:8      | Reached **** piety under Okawaru
  6374 | D:8      | Noticed Maurice
  6379 | D:8      | Maurice stole a +1 war axe {Jihoo}
  6381 | D:8      | Killed Maurice
  6717 | D:9      | Found a staircase to the Orcish Mines.
  6897 | D:9      | Identified the +3 leather armour of Peek-a-Boo {rN+ Will+}
  6920 | D:9      | Found a staircase to the Lair.
  6920 | D:9      | Noticed a death yak
  6928 | D:9      | Killed a death yak
  6928 | D:9      | Reached ***** piety under Okawaru
  6929 | D:9      | Reached skill level 11 in Axes
  7308 | D:10     | Entered Level 10 of the Dungeon
  7351 | D:10     | Reached XP level 11. HP: 49/75 MP: 15/15
  7764 | D:10     | Noticed Psyche
  7769 | D:10     | Killed Psyche
  8031 | D:10     | Found a bloodstained altar of Trog.
  8263 | D:11     | Noticed a cyclops
  8263 | D:11     | Noticed a two-headed ogre
  8300 | D:11     | Killed a two-headed ogre
  8463 | D:11     | Killed a cyclops
  8463 | D:11     | Received a gift from Okawaru
  8549 | D:11     | Noticed a boulder beetle
  8556 | D:11     | Killed a boulder beetle
  8612 | D:11     | Noticed a brown ugly thing
  8620 | D:11     | Killed a brown ugly thing
  8621 | D:11     | Reached skill level 12 in Axes
  9058 | D:11     | Noticed a cyclops
  9068 | D:11     | Killed a cyclops
  9245 | D:11     | Identified the +1 orcbow of Fate {elec, Dex+3}
  9524 | Lair:1   | Entered Level 1 of the Lair of Beasts
  9652 | Lair:1   | Received a gift from Okawaru
 10040 | Lair:1   | Reached skill level 5 in Armour
 10061 | Lair:1   | Reached XP level 12. HP: 78/81 MP: 17/17
 10238 | Lair:1   | Received a gift from Okawaru
 10606 | Lair:1   | Reached skill level 13 in Axes
 11013 | Lair:2   | Noticed Harold
 11024 | Lair:2   | Killed Harold
 11072 | Lair:2   | Found a gate leading to a gauntlet.
 11084 | Gauntlet | Entered a Gauntlet
 11084 | Gauntlet | Found a transporter.
 11084 | Gauntlet | Found a transporter.
 11092 | Gauntlet | Found a transporter.
 11104 | Gauntlet | Found a runed translucent door.
 11106 | Gauntlet | Found a transporter.
 11123 | Gauntlet | Found a transporter.
 11123 | Gauntlet | Found a transporter.
 11123 | Gauntlet | Found a transporter.
 11126 | Gauntlet | Found a transporter.
 11126 | Gauntlet | Found a transporter.
 11127 | Gauntlet | Noticed a dire elephant
 11135 | Gauntlet | Noticed a reaper
 11138 | Gauntlet | Found a transporter.
 11156 | Gauntlet | Found a transporter.
 11166 | Gauntlet | Found a transporter.
 11181 | Gauntlet | Found a transporter.
 11201 | Gauntlet | Found a transporter.
 11250 | Gauntlet | Identified the +9 glaive of Hubris {venom, Will+++ Str+2
                  | Int-2 Dex+3}
 11264 | Gauntlet | Succumbed to a death drake's dark miasma

Illustrated notes

Levels and vault maps discovered:
D:1:      tarquinn_simple_flora_water_a, layout_loops_ring
D:2:      layout_loops_cross, serial_shops, shop, uniq_sigmund
D:3:      layout_loops_cross, uniq_robin
D:4:      layout_basic, slow_altar_2, minmay_temple_entry_fiery,
          cheibrodos_sewer_entry_drain, ebering_ghost_disaster_area
D:5:      layout_loops_corners, glass_columns_a, minmay_stone_trees_small,
          uniq_edmund, uniq_prince_ribbit1
D:6:      layout_loops_ring, serial_undead, serial_undead_e, serial_undead_a,
          serial_undead_c, serial_undead_c, hangedman_glass_teeth
D:7:      layout_cave_pools, regret_index_xom_of_box, kennysheep_mini_moat,
          uniq_pikel
D:8:      layout_layer_cave, uniq_maurice
D:9:      layout_roguey, david_lair_generic, orc_0_dummy
D:10:     layout_gridville, nicolae_overflow_hidden_temple, uniq_psyche
D:11:     layout_irregular_city
Temple:   nicolae_temple_bog_church
Lair:1:   layout_cave_pods, infiniplex_staircase_pool
Lair:2:   layout_cellular_growth, gauntlet_entry_generic, uniq_erica,
          uniq_harold
Gauntlet: gammafunk_gauntlet_mixed_choke_point
          [minmay_gauntlet_arena_77_checkered,
          minmay_gauntlet_arena_77_two_lines, minmay_gauntlet_arena_77_path,
          gammafunk_gauntlet_arena_teeth, minmay_gauntlet_arena_77_mess,
          minmay_gauntlet_arena_77_p_blocks,
          minmay_gauntlet_arena_77_block_sizes, gauntlet_exit_green]

Skill      XL: |  1  2  3  4  5  6  7  8  9 10 11 12 |
---------------+-------------------------------------+-----
Axes           | 3 5 6 7 8 10 11 12 13 | 13.7
Evocations     | 3 5 7 10 11 12 | 12.6
Invocations    | 2 4 6 7 |  7.1
Armour         | 5 7 |  7.4
Fighting       | |  3.0
Shields        | |  2.1

Action                     |  1- 3 |  4- 6 |  7- 9 | 10-12 || total
---------------------------+-------+-------+-------+-------++-------
  Melee: War axe           |    65 |    73 |   103 |    19 ||   260
         Dagger            |    15 |    61 |       |       ||    76
         Broad axe         |       |     9 |   131 |   178 ||   318
         Mace              |       |       |       |   138 ||   138
 Invoke: Heroism           |       |       |       |     1 ||     1
         Finesse           |       |       |       |     1 ||     1
  Evoke: Wand              |       |       |       |     1 ||     1
    Use: Scroll            |       |     9 |       |     9 ||    18
         Potion            |       |       |     3 |       ||     3
   Stab: Sleeping          |       |       |     2 |       ||     2
         Distracted        |       |       |     1 |       ||     1
 Armour: Scale mail        |    49 |    74 |    23 |       ||   146
         Troll leather arm |       |       |    50 |       ||    50
         Chain mail        |       |       |    60 |   174 ||   234
  Dodge: Dodged            |    22 |    26 |    78 |    73 ||   199
  Block: Buckler           |    12 |       |       |       ||    12

Table legend: (Time is in decaauts)
 A = Elapsed time spent in this place.
 B = Non-inter-level travel time spent in this place.
 C = Inter-level travel time spent in this place.
 D = Time resting spent in this place.
 E = Time spent auto-exploring this place.
 F = Levels seen in this place.
 G = Mean time per level.
                   A        B        C        D        E       F      G
               +--------+--------+--------+--------+--------+-----+--------+
         Total |  11313 |  10883 |    430 |   1701 |   7563 |  16 |  707.1 |
       Dungeon |   9448 |   9070 |    378 |   1589 |   6236 |  11 |  858.9 |
        Temple |     11 |      7 |      4 |      0 |      0 |   1 |   11.0 |
          Lair |   1555 |   1507 |     48 |    112 |   1156 |   2 |  777.5 |
         Sewer |    117 |    117 |      0 |      0 |     44 |   1 |  117.0 |
      Gauntlet |    180 |    180 |      0 |      0 |    127 |   1 |  180.0 |
               +--------+--------+--------+--------+--------+-----+--------+

Top non-repeatable levels by time:
    D:11: 1404 daAuts
  Lair:1: 1372 daAuts
     D:6: 1129 daAuts
     D:5: 962 daAuts
     D:1: 852 daAuts
     D:3: 808 daAuts
    D:10: 801 daAuts
     D:4: 741 daAuts
     D:2: 739 daAuts
     D:7: 706 daAuts
     D:8: 659 daAuts
     D:9: 642 daAuts
  Lair:2: 183 daAuts
Gauntlet: 180 daAuts
   Sewer: 117 daAuts
